 Dungeon Crawl Stone Soup version 0.30-a0-341-g682706514a (webtiles) character file.

Game seed: 15781436975401825329

19 LnG the Caller (level 2, 0/15 HPs)
             Began as a Kobold Summoner on Nov 1, 2022.
             Slain by an adder (4 damage)
             ... on level 2 of the Dungeon.
             The game lasted 00:02:15 (482 turns).

LnG the Caller (Kobold Summoner)                     Turns: 482, Time: 00:02:16

Health: 0/15       AC:  5    Str:  5    XL:     2   Next: 95%
Magic:  3/5        EV: 15    Int: 16    God:
Gold:   27         SH:  0    Dex: 15    Spells: 2/5 levels left

rFire   . . .      SeeInvis .    d - +2 trident (vorpal)
rCold   . . .      Faith    .    (shield currently unavailable)
rNeg    . . .      Spirit   .    a - +0 robe
rPois   .          Reflect  .    e - +2 helmet
rElec   .          Harm     .    (no cloak)
rCorr   .          Rampage  .    (no gloves)
Will    .....                    (no boots)
Stlth   +++.......               (no amulet)
HPRegen 0.22/turn                (no ring)
MPRegen 0.09/turn                (no ring)

@: weak-willed
A: small, no large weapons, nightstalker 3
a: no special abilities


You were on level 2 of the Dungeon.
You visited 1 branch of the dungeon, and saw 2 of its levels.

You collected 27 gold pieces.

Inventory:

Hand Weapons
 d - a +2 vorpal trident (weapon)
 g - a +0 dagger
Armour
 a - a +0 robe (worn)
 e - a +2 helmet (worn)
Potions
 b - a potion of magic
 f - a potion of might {unknown}


   Skills:
 * Level 2.6 Dodging
 * Level 3.1 Stealth
 + Level 2.2 Spellcasting
 + Level 4.5 Summonings


You had 2 spell levels left.
You knew the following spells:

 Your Spells              Type           Power      Damage    Failure   Level
a - Summon Small Mammal   Summ           64%        N/A       3%          1
b - Call Imp              Summ           16%        N/A       4%          2

Your spell library contained the following spells:

 Spells                   Type           Power      Damage    Failure   Level
 Call Canine Familiar     Summ           16%        N/A       10%         3
 Summon Guardian Golem    Hex/Summ       9%         N/A       24%         3
 Summon Lightning Spire   Summ/Air       9%         N/A       63%         4


Dungeon Overview and Level Annotations

Branches:
Dungeon (1/15)

Altars:

Annotations:
D:2 Sigmund


Innate Abilities, Weirdness & Mutations

You are small and have problems with some larger weapons.
You are completely attuned to the shadows.


Message History

The kobold shouts!
Sigmund the Dreaded comes into view.
He is wielding a +1 scythe of venom.
As you read the scroll labelled BANEHEC HIST, it crumbles to dust.
Magic quickly surges around you.
It was a scroll of vulnerability.
A bat comes into view.
The goblin closely misses you. Sigmund casts a spell at you.
The magic dart hits you!
Ouch! That really hurt!
It was a potion of curing.
You feel better.
An adder comes into view.
Your crimson imp hits the goblin.
The frilled lizard closely misses you. The goblin completely misses you.
d - a +2 vorpal trident (weapon)
You closely miss the goblin.
The goblin is moderately wounded.
The bat barely misses you. The kobold closely misses you.
A kobold comes into view. It is wielding a +0 short sword.
The goblin hits you but does no damage.
Your crimson imp blinks!
The frilled lizard barely misses you.
You closely miss the goblin.
The goblin is moderately wounded.
The kobold shouts!
The bat hits you but does no damage.
The kobold hits you with a +0 short sword.
The frilled lizard completely misses you.
Sigmund hits you from afar with a +1 scythe of venom.
The goblin hits you with a +0 club. The adder misses you.
The kobold misses you. The goblin misses you.
The frilled lizard closely misses you.
The kobold throws a stone.
The stone hits you.
* * * LOW HITPOINT WARNING * * *
You are too injured to fight recklessly!
Unknown command.
You hit the adder.
The adder is severely wounded.
The bat closely misses you. The adder bites you but does no damage.
Sigmund barely misses you. The adder bites you.
You die...

#####....##
##.....
#......
#####.......
#..†........
#...........
#........@K.
#......5....
#.....S@K...
!....lg....
.......b..
.........
.........


You could see Sigmund (weak-willed), an adder, a goblin (weak-willed, ally
target), a bat, 2 kobolds, a frilled lizard (weak-willed) and a friendly crimson
imp (summoned, weak-willed).

Vanquished Creatures
  3 dart slugs (D:1)
  A ball python (D:2)
  A bat (D:2)
  An endoplasm (D:2)
  2 hobgoblins (D:1)
  A frilled lizard (D:1)
  A rat (D:1)
10 creatures vanquished.

Vanquished Creatures (collateral kills)
  A bat (D:1)
  An endoplasm (D:1)
2 creatures vanquished.

Grand Total: 12 creatures vanquished

Notes
Turn   | Place    | Note
-------+----------+-------------------------------------------
     0 | D:1      | LnG the Kobold Summoner began the quest for the Orb.
     0 | D:1      | Reached XP level 1. HP: 10/10 MP: 3/3
   263 | D:1      | Reached XP level 2. HP: 15/15 MP: 5/5
   266 | D:1      | Learned a level 2 spell: Call Imp
   414 | D:1      | You fall into a shaft and drop 1 floor!
   476 | D:2      | Noticed Sigmund
   482 | D:2      | Slain by an adder

Illustrated notes

Levels and vault maps discovered:
D:1:      sevenhm_arrival_forest_fort_large_4, layout_basic
D:2:      layout_basic, grunt_ministairs_2, uniq_jessica, uniq_sigmund

Skill      XL: |  1  2 |
---------------+-------+-----
Stealth        | 3 |  3.1
Dodging        | |  2.6
Spellcasting   | |  2.2
Summonings     | |  4.5

Action                   || total
-------------------------++-------
Melee: Trident           ||    15
       Unarmed           ||     1
       Dagger            ||    14
 Cast: Summon Small Mamm ||     4
       Call Imp          ||     1
  Use: Scroll            ||     1
       Potion            ||     1
 Stab: Sleeping          ||     5
Armor: Robe              ||     6
Dodge: Dodged            ||    25

Table legend: (Time is in decaauts)
 A = Elapsed time spent in this place.
 B = Non-inter-level travel time spent in this place.
 C = Inter-level travel time spent in this place.
 D = Time resting spent in this place.
 E = Time spent auto-exploring this place.
 F = Levels seen in this place.
 G = Mean time per level.
                   A        B        C        D        E       F      G
               +--------+--------+--------+--------+--------+-----+--------+
         Total |    484 |    470 |     14 |      0 |    358 |   2 |  242.0 |
       Dungeon |    484 |    470 |     14 |      0 |    358 |   2 |  242.0 |
               +--------+--------+--------+--------+--------+-----+--------+

Top non-repeatable levels by time:
     D:1: 416 daAuts
     D:2: 67 daAuts
